 Dungeon Crawl Stone Soup version 0.31.0-32-g396128a36d (webtiles) character file.

Game seed: 16811216733049352418

251 PaiMei the Purveyor of Pain (level 5, -6/39 HPs)
             Began as a Demonspawn Necromancer on Mar 27, 2024.
             Was an Initiate of Kikubaaqudgha.
             Killed by divine providence
             ... invoked by an orc priest
              (15 damage)
             ... on level 4 of the Dungeon.
             The game lasted 00:04:37 (2917 turns).

PaiMei the Purveyor of Pain (DsNe)                  Turns: 2917, Time: 00:04:37

Health: -6/39      AC:  2    Str:  8    XL:     5   Next: 88%
Magic:  6/9        EV: 13    Int: 17    God:    Kikubaaqudgha [......]
Gold:   214        SH:  0    Dex: 14    Spells: 6/10 levels left

rFire   . . .        o - +2 short sword (vamp)
rCold   . . .        (no shield)
rNeg    . . .        a - +0 robe
rPois   .            (helmet restricted)
rElec   .            (no cloak)
rCorr   .            (no gloves)
SInv    .            (no boots)
Will    .....        (no amulet)
Stlth   ++           (no ring)
HPRegen 0.26/turn    (no ring)
MPRegen 0.11/turn

%: no passive effects
@: mighty, studying Necromancy
A: horns 1, powered by pain 1, spiny 1
a: Renounce Religion


You were on level 4 of the Dungeon.
You worshipped Kikubaaqudgha.
Kikubaaqudgha was noncommittal.
You visited 1 branch of the dungeon, and saw 4 of its levels.

You collected 214 gold pieces.

Inventory:

Hand Weapons
 o - a +2 vampiric short sword (weapon)
Missiles
 i - a throwing net
 t - 2 curare-tipped darts (quivered)
Armour
 a - a +0 robe (worn)
 u - a +1 scale mail of willpower
Wands
 g - a wand of acid (7)
Scrolls
 c - 5 scrolls of identify {unknown}
 d - a scroll of noise {unknown}
 e - 2 scrolls of teleportation {unknown}
 j - a scroll of vulnerability {unknown}
 k - 2 scrolls of enchant armour {unknown}
 l - a scroll of blinking {unknown}
 p - a scroll of acquirement {unknown}
Potions
 b - a potion of magic
 f - a potion of cancellation {unknown}
 h - a potion of enlightenment {unknown}
 m - a potion of degeneration {unknown}
 n - 2 potions of curing {unknown}
 q - 2 potions of heal wounds {unknown}
 r - a potion of haste {unknown}
 s - 2 potions of berserk rage {unknown}


   Skills:
 + Level 2.3 Fighting
 + Level 3.2 Dodging
 - Level 2.1 Stealth
 + Level 3.3 Spellcasting
 + Level 6.3 Necromancy


You had 6 spell levels left.
You knew the following spells:

 Your Spells              Type           Power      Damage    Failure   Level
a - Necrotise             Necr           96%        1d8       1%          1
b - Vampiric Draining     Necr           24%        2d7       3%          3

Your spell library contained the following spells:

 Spells                   Type           Power      Damage    Failure   Level
 Animate Dead             Necr           24%        N/A       13%         4
 Curse of Agony           Necr           24%        N/A       34%         5
 Gell's Gravitas          Tloc           2%         N/A       45%         3
 Inner Flame              Hex/Fire       2%         N/A       45%         3
 Teleport Other           Tloc           2%         N/A       45%         3
 Irradiate                Conj/Alch      1%         3d12      99%         5
 Dispersal                Tloc           1%         N/A       100%        6
 Ignition                 Fire           1%         3d3       100%        8


Dungeon Overview and Level Annotations

Branches:
Dungeon (4/15)
 Temple: D:4-7

Altars:
Cheibriados
Dithmenos
Kikubaaqudgha
Ru
Xom

Annotations:
D:4 Robin


Innate Abilities, Weirdness & Mutations

You have a pair of small horns on your head.
You sometimes gain a little power by taking damage.
You are partially covered in sharp spines.


Message History

The goblin goes into a battle-frenzy!
Your orc skeleton barely misses the orc.
There is a stone staircase leading up here.
Casting: Necrotise (safe; 1% risk of failure)
Confirm with . or Enter, or press ? or * to list all spells.
Aiming: Necrotise (safe; 1% risk of failure)
Press: ? - help, Shift-Dir - straight line, f/p - orc
Aim: an orc, wielding a +0 dagger and quivering boomerangs (almost dead, ally target, chance to affect: 92%)
The orc writhes in agony!
You kill the orc!
Kikubaaqudgha accepts your kill.
The dead are walking!
The goblin hits your orc skeleton with a +0 club.
Your orc skeleton is destroyed!
Your orc skeleton completely misses the goblin.
Something hits your goblin skeleton.
Your goblin skeleton is destroyed!
Casting: Necrotise (safe; 1% risk of failure)
Confirm with . or Enter, or press ? or * to list all spells.
You can't see any susceptible monsters within range! (Use Z to cast anyway.)
A hobgoblin comes into view.
Your orc skeleton closely misses the goblin.
Your orc skeleton hits the goblin.
The orc priest hits your orc skeleton with a +0 whip!
Your orc skeleton is destroyed!
Robin of the Strong Arm comes into view.
They are wielding a +0 short sword.
The goblin hits you with a +0 club.
The orc priest invokes the aid of Beogh against you.
Beogh smites you!
* * * LOW HITPOINT WARNING * * *
You focus on the pain.
You feel very mighty all of a sudden. The goblin misses you.
There is a stone staircase leading up here.
Robin shouts!
You hear a shout! x2
The goblin closely misses you.
The orc priest calls down the wrath of Beogh upon you.
Beogh smites you!
You die...
Kikubaaqudgha rasps: "You have failed me!
Welcome... death!"

.........
$.........
#........##
##.........#
#..........###
#.............
#.<........#
#..........#
#..go.g@...#
###.g.......##
#.).#......##
#.######.##########
#......†.#
.......###
#####.).......
#...#..#.. ..#.. .#


You could see Robin, an orc priest, a hobgoblin (strong) and a goblin (strong).

Vanquished Creatures
  An orc priest (D:3)
  Terence (D:3)
  Ijyb (D:3)
  A gnoll (D:1)
  6 adders
  A white imp (D:4)
  4 dart slugs
  A ribbon worm (D:2)
  10 orcs
  3 ball pythons
  3 endoplasms
  A giant cockroach (D:2)
  4 goblins
  5 hobgoblins
  2 jackals (D:2)
  A quokka (D:1)
  3 bats
  3 kobolds
  3 rats
54 creatures vanquished.

Vanquished Creatures (collateral kills)
  An orc priest (D:3)
1 creature vanquished.

Grand Total: 55 creatures vanquished

Notes
Turn   | Place    | Note
-------+----------+-------------------------------------------
     0 | D:1      | PaiMei the Demonspawn Necromancer began the quest for the
                  | Orb.
     0 | D:1      | Reached XP level 1. HP: 13/13 MP: 3/3
   248 | D:1      | Gained mutation: You are partially covered in sharp spines.
                  | [demonic ancestry]
   248 | D:1      | Reached XP level 2. HP: 15/19 MP: 0/5
   841 | D:2      | Reached skill level 5 in Necromancy
   841 | D:2      | Gained mutation: You sometimes gain a little power by
                  | taking damage. [demonic ancestry]
   841 | D:2      | Reached XP level 3. HP: 25/25 MP: 1/6
  1133 | D:2      | Reached skill level 1 in Fighting
  1351 | D:2      | Reached XP level 4. HP: 32/32 MP: 2/7
  1419 | D:2      | Learned a level 3 spell: Vampiric Draining
  1682 | D:3      | Noticed Terence
  1738 | D:3      | Found a shadowy altar of Dithmenos.
  1775 | D:3      | Gained mutation: You have a pair of small horns on your
                  | head. [demonic ancestry]
  1775 | D:3      | Reached XP level 5. HP: 22/38 MP: 0/9
  1871 | D:3      | Noticed Ijyb
  1956 | D:3      | Killed Ijyb
  2116 | D:3      | Found an ancient bone altar of Kikubaaqudgha.
  2128 | D:3      | Became a worshipper of Kikubaaqudgha
  2335 | D:3      | Reached skill level 6 in Necromancy
  2480 | D:3      | Killed Terence
  2617 | D:3      | Found a snail-covered altar of Cheibriados.
  2785 | D:3      | Found a shimmering altar of Xom.
  2794 | D:3      | Found a sacrificial altar of Ru.
  2911 | D:4      | Noticed Robin
  2917 | D:4      | Killed from afar by an orc priest

Illustrated notes

Levels and vault maps discovered:
D:1:      minmay_arrival_checkered_box, layout_rooms, roderic_serpentine_path
D:2:      layout_basic
D:3:      layout_loops_ring, kiku_gazebo_garden_becter, kennysheep_slug_shrine,
          zin_statuary, mainiacjoe_overflow_swirl,
          nicolae_dithmenos_shadow_blocks, uniq_ijyb, uniq_terence
D:4:      cheibrodos_old_hovel, layout_rooms, serial_corexii_hall,
          corexii_hall_statues_u, corexii_hall_statues_u,
          chequers_hall_statues_wall_a, corexii_hall_statues_l,
          gammafunk_ghost_gnarly_gnolls, roderic_batcave,
          nicolae_figureground_sparkle, uniq_duvessa, uniq_robin, uniq_natasha

Skill      XL: |  1  2  3  4  5 |
---------------+----------------+-----
Dodging        | 2 3 |  3.2
Stealth        | 2 |  2.1
Necromancy     | 5 6 |  6.3
Fighting       | 1 2 |  2.3
Spellcasting   | 3 |  3.3

Action                     |  1- 3 |  4- 6 || total
---------------------------+-------+-------++-------
  Melee: Short sword       |     7 |    29 ||    36
         Headbutt          |       |     6 ||     6
   Cast: Necrotise         |    53 |    47 ||   100
         Vampiric Draining |       |     7 ||     7
 Armour: Robe              |     6 |    22 ||    28
  Dodge: Dodged            |    11 |    25 ||    36
